cohdb
Replays
Latest Replays
All Replays
Popular Replays
Top Player Replays
Match Explorer
How It Works
Community
CoH3 Stats
Reddit
Sign in to upload your games and track your stats! →
Sign in with Steam
Match 41535826
Unlisted
Match 41535826
Overview
Messages
Build Orders
End
Construct Barracks
Scout Squad
Selects Special Operations Battlegroup
Selects M29 Weasel Recon Vehicle
M29 Weasel Recon Vehicle
Riflemen Squad
Riflemen Squad
Riflemen Squad
Air Support Center
Infantry Support Center
Grenade Package
Construct Motor Pool
Selects P-47 Anti-Infantry Loiter
M24 Chaffee Light Tank
Selects P-47 Anti-Infantry Loiter
=LiG= Waffen
Trion
0
0
Comments
sign in to comment!
No comments posted yet!